 Dungeon Crawl Stone Soup version 0.18.1-48-g4cf74bf (webtiles) character file.

661 grulito the Destroyer (level 7, -7/36 HPs)
             Began as a Deep Elf Conjurer on June 26, 2016.
             Was an Initiate of Vehumet.
             Mangled by an orc warrior
             ... wielding a +0 dire flail
              (20 damage)
             ... on level 6 of the Dungeon.
             The game lasted 00:43:58 (7907 turns).

grulito the Destroyer (Deep Elf Conjurer)           Turns: 7907, Time: 00:43:59

Health: -7/36      AC:  4    Str:  5    XL:     7   Next: 30%
Magic:  4/14       EV: 13    Int: 22    God:    Vehumet [......]
Gold:   232        SH:  0    Dex: 15    Spells: 4 memorised, 3 levels left

rFire  . . .     SeeInvis +     C - +1 quarterstaff
rCold  . . .     Gourm    .     n - +1 robe
rNeg   . . .     Faith    .     (shield currently unavailable)
rPois  .         Spirit   .     (no helmet)
rElec  .         Dismiss  .     u - +0 cloak
rCorr  .         Reflect  .     (no gloves)
SustAt .         Harm     .     (no boots)
MR     .....                    (no amulet)
Stlth  ++........               (no ring)
                                q - ring of see invisible

@: not resistant to hostile enchantments, unstealthy
A: no striking features
a: Renounce Religion


You were on level 6 of the Dungeon.
You worshipped Vehumet.
Vehumet was noncommittal.
You were not hungry.

You visited 2 branches of the dungeon, and saw 7 of its levels.

You collected 232 gold pieces.

Inventory:

Hand Weapons
 d - a +0 short sword
 C - a +1 quarterstaff (weapon)
Armour
 a - a +0 robe
 n - a +1 robe (worn)
 o - a +0 cloak
 u - a +0 cloak (worn)
Jewellery
 q - a ring of see invisible (left hand)
Scrolls
 e - a scroll of noise
 f - 2 scrolls of enchant armour
 h - 3 scrolls of identify
 m - a scroll of remove curse
 r - a scroll of teleportation {unknown}
 w - 3 scrolls of enchant weapon
 x - a scroll of fear {unknown}
 y - 2 scrolls of amnesia {unknown}
 A - a scroll of fog {unknown}
 B - a scroll of recharging {unknown}
 E - a scroll of magic mapping {unknown}
Potions
 g - a potion of berserk rage {unknown}
 i - a potion of cure mutation {unknown}
 j - a potion of curing
 k - a potion of brilliance {unknown}
 l - a potion of lignification {unknown}
 p - 2 potions of agility {unknown}
 s - a potion of flight {unknown}
 v - a potion of heal wounds {unknown}
 D - a potion of resistance {unknown}
 F - a potion of haste {unknown}
 G - a potion of might {unknown}
Books
 b - a book of Conjurations

   Spells                             Type                      Level
   a - Magic Dart                     Conjuration                  1
   b - Searing Ray                    Conjuration                  2
   c - Dazzling Spray                 Conjuration/Hexes            3
   d - Fulminant Prism                Conjuration/Hexes            4
   e - Iskenderun's Mystic Blast      Conjuration                  4
   f - Iskenderun's Battlesphere      Conjuration/Charms           5
Comestibles
 c - a bread ration
 t - 2 meat rations
 z - a royal jelly


   Skills:
 - Level 0.1 Fighting
 - Level 2.4 Dodging
 - Level 2.4 Stealth
 - Level 3.7 Spellcasting
 + Level 9.6 Conjurations


You had 3 spell levels left.
You knew the following spells:

 Your Spells              Type           Power        Failure   Level  Hunger
a - Magic Dart            Conj           ####         1%          1    None
b - Dazzling Spray        Conj/Hex       ####..       6%          3    ###....
c - Searing Ray           Conj           #####.       1%          2    #......
d - Iskenderun's Mystic   Conj           #####...     1%          4    ####...


Dungeon Overview and Level Annotations

Branches:
Dungeon (6/15)             Temple (1/1) D:5

Altars:
Ashenzari
Cheibriados
Elyvilon
Fedhas
Gozag
Nemelex Xobeh
Sif Muna
Vehumet
Yredelemnul


Message History

Press: ? - help, Shift-Dir - straight line, f/p - orc warrior
Aim: an orc warrior, wielding a dire flail and wearing a plate armour The searing ray misses the orc warrior.
Casting: Searing Ray
Confirm with . or Enter, or press ? or * to list all spells.
Aiming: Searing Ray
Press: ? - help, Shift-Dir - straight line, f/p - orc warrior
Aim: an orc warrior, wielding a dire flail and wearing a plate armour The searing ray hits the orc warrior.
The orc warrior hits you with a dire flail.
Casting: Searing Ray
Confirm with . or Enter, or press ? or * to list all spells.
Aiming: Searing Ray
Press: ? - help, Shift-Dir - straight line, f/p - orc warrior
Aim: an orc warrior, wielding a dire flail and wearing a plate armour The searing ray hits the orc warrior.
The orc warrior is moderately wounded.
The orc warrior hits you with a dire flail!!
Ouch! That really hurt!
You die...

### ####..
..##.# #.##.#
###### #.##.#
......##.##.#
............###
#...@o)....#
......##.####.#
#..#. #.# #.# .
.. #.# #.# ..
#.# #.# .. ..#
#.# #./
#######.#####
..>.
............#
....#
#######.###.#


You could see an orc warrior.

Vanquished Creatures
  2 ice beasts
  An ogre (D:5)
  A howler monkey (D:5)
  A crimson imp (D:5)
  An orc priest (D:3)
  A worker ant (D:4)
  12 adders
  An ooze (D:2)
  7 worms
  4 dart slugs
  2 giant geckos
  15 orcs
  9 ball pythons
  A giant cockroach (D:5)
  10 goblins
  12 hobgoblins
  11 jackals
  4 quokkas
  A ball python skeleton (D:4)
  7 bats
  6 giant newts
  6 kobolds
  11 rats
126 creatures vanquished.

Notes
Turn   | Place    | Note
--------------------------------------------------------------
     0 | D:1      | grulito the Deep Elf Conjurer began the quest for the Orb.
     0 | D:1      | Reached XP level 1. HP: 10/10 MP: 6/6
   311 | D:1      | Reached XP level 2. HP: 15/15 MP: 5/8
   493 | D:1      | Reached skill level 5 in Conjurations
  1154 | D:2      | Reached XP level 3. HP: 10/19 MP: 1/10
  1387 | D:2      | Learned a level 3 spell: Dazzling Spray
  1390 | D:2      | Learned a level 2 spell: Searing Ray
  2071 | D:2      | Reached XP level 4. HP: 23/24 MP: 4/11
  2454 | D:2      | Reached skill level 6 in Conjurations
  2649 | D:2      | Learned a level 4 spell: Iskenderun's Mystic Blast
  3626 | D:3      | Reached XP level 5. HP: 16/28 MP: 0/12
  3923 | D:3      | Found a sparkling altar of Nemelex Xobeh.
  3950 | D:3      | Reached skill level 7 in Conjurations
  4986 | D:4      | Reached XP level 6. HP: 14/32 MP: 1/13
  5833 | D:4      | Reached skill level 8 in Conjurations
  6220 | D:5      | Entered Level 5 of the Dungeon
  6340 | D:5      | Found a staircase to the Ecumenical Temple.
  6347 | Temple   | Entered the Ecumenical Temple
  6402 | Temple   | Became a worshipper of Vehumet
  6904 | D:5      | Noticed an ice beast
  6933 | D:5      | Killed an ice beast
  6933 | D:5      | Reached skill level 9 in Conjurations
  6933 | D:5      | Reached XP level 7. HP: 15/36 MP: 3/14
  7228 | D:5      | Found a snail-covered altar of Cheibriados.
  7907 | D:6      | Mangled by an orc warrior

Skill      XL: |  1  2  3  4  5  6 |
---------------+-------------------+-----
Conjurations   | 5 6 7 9 |  9.6
Fighting       | |  0.1
Dodging        | |  2.4
Stealth        | |  2.4
Spellcasting   | |  3.7

Action                   |  1- 3 |  4- 6 |  7- 9 || total
-------------------------+-------+-------+-------++-------
Melee: Short sword       |       |     1 |       ||     1
       Quarterstaff      |       |       |    16 ||    16
 Cast: Magic Dart        |    79 |   171 |    16 ||   266
       Searing Ray       |     8 |    38 |     9 ||    55
       Iskenderun's Myst |       |     6 |       ||     6
  Use: Scroll            |       |     4 |       ||     4
       Potion            |       |     1 |     1 ||     2
  Eat: Bread ration      |     1 |     1 |     1 ||     3
       Chunk             |       |     4 |       ||     4
       Meat ration       |       |     1 |       ||     1
       Beef jerky        |       |     1 |       ||     1
Armor: Robe              |       |    14 |     2 ||    16
Dodge: Dodged            |     5 |    45 |     4 ||    54
